 Dungeon Crawl Stone Soup version 0.29.1-12-g30fa7ad0bf (webtiles) character file.

Game seed: 342628556005527939

1711 styxcanada the Covert (level 8, 0/60 HPs)
             Began as a Spriggan Brigand on Jan 5, 2023.
             Succumbed to a killer bee's poison
             ... on level 6 of the Dungeon.
             The game lasted 00:29:19 (7307 turns).

styxcanada the Covert (Spriggan Brigand)            Turns: 7307, Time: 00:29:20

Health: 0/60       AC: 24    Str:  6    XL:     8   Next: 74%
Magic:  11/12      EV:  4    Int: 17    God:
Gold:   277        SH:  6    Dex: 17    Spells: 10/11 levels left

rFire   . . .      SeeInvis +   a - +2 dagger (vamp)
rCold   . . .      Faith    .   u - +0 buckler
rNeg    . . .      Spirit   .   (body armour currently unavailable)
rPois   +          Reflect  .   (helmet currently unavailable)
rElec   .          Harm     .   (cloak currently unavailable)
rCorr   .          Rampage  .   (gloves unavailable)
Will    +....      NoTele   +   (boots unavailable)
Stlth   +++++.....              (no amulet)
HPRegen 0.20/turn               (no ring)
MPRegen 0.13/turn               (no ring)

@: lethally poisoned (0 -> -2), tree-form
A: stationary, stasis, torment immunity, boosted hp, very small, no large
weapons, unfitting armour, see invisible, (speed 3), (fangs 1), (talons 1),
clever 1, deterioration 1
a: no special abilities


You were on level 6 of the Dungeon.
You were a tree.
You visited 1 branch of the dungeon, and saw 6 of its levels.

You collected 277 gold pieces.

Inventory:

Hand Weapons
 a - a +2 vampiric dagger (weapon)
 h - a +0 flail of venom
 j - a +5 morningstar
 l - a +0 sling
Missiles
 e - 7 curare-tipped darts
 n - 15 boomerangs
 B - 10 poisoned darts (quivered)
Armour
 b - a +0 robe (melded)
 c - a +0 cloak (melded)
 m - a scarf of repulsion
 u - a +0 buckler (worn)
Jewellery
 y - a ring of fire
Wands
 d - a wand of mindburst (1)
Scrolls
 g - 3 scrolls of teleportation
 i - a scroll of immolation
 w - a scroll of enchant weapon {unknown}
Potions
 f - a potion of lignification
 q - a potion of magic
 v - a potion of haste
 x - a potion of invisibility
 z - a potion of flight


   Skills:
 + Level 3.4 Fighting
 + Level 4.2 Short Blades
 + Level 4.1 Throwing
 * Level 5.6 Dodging
 * Level 10.8 Stealth
 * Level 2.5 Shields
 * Level 2.0 Spellcasting
 * Level 2.2 Transmutations
 * Level 1.6 Poison Magic
 * Level 3.6 Evocations


You had 10 spell levels left.
You knew the following spells:

 Your Spells              Type           Power      Damage    Failure   Level
a - Sting                 Tmut/Pois      32%        1d4       19%         1

Your spell library contained the following spells:

 Spells                   Type           Power      Damage    Failure   Level
 Sandblast                Erth           2%         2d4       36%         1
 Passwall                 Tmut/Erth      4%         N/A       36%         2
 Poisonous Vapours        Pois/Air       8%         N/A       41%         2
 Gell's Gravitas          Tloc           1%         N/A       75%         3
 Lesser Beckoning         Tloc           1%         N/A       75%         3
 Stone Arrow              Conj/Erth      2%         3d7       75%         3
 Teleport Other           Tloc           1%         N/A       75%         3
 Olgreb's Toxic Radiance  Pois           7%         N/A       90%         4


Dungeon Overview and Level Annotations

Branches:
Dungeon (6/15)
 Temple: D:4-7

Altars:
Ashenzari
Makhleb
Okawaru
Xom
Zin

Shops:
D:2 ((


Innate Abilities, Weirdness & Mutations

You are a tree.
Your roots penetrate the ground, keeping you stationary.
You cannot be teleported.
You are immune to unholy pain and torment.
Your maximum health is greatly increased.
Your equipment is partially melded.
You are very small and have problems with some larger weapons.
You are too small for most types of armour.
You have supernaturally acute eyesight. (SInv)
((You cover ground extremely quickly. (Speed+++)))
((You have very sharp teeth.))
((You have sharp toenails.))
Your mind is acute. (Int +4, Str/Dex -1)
Your body sometimes deteriorates upon taking damage.


Message History

You feel very sick.
The killer bee stings you but does no damage.
The killer bee stings you.
* * * LOW HITPOINT WARNING * * *
You hit the killer bee.
The killer bee is heavily wounded.
* * * LOW HITPOINT WARNING * * *
You feel sick.
The killer bee stings you but does no damage.
You block the killer bee's attack.
You miss the killer bee.
The killer bee is heavily wounded.
* * * LOW HITPOINT WARNING * * *
You feel sick.
The killer bee stings you but does no damage. x2
You hit the killer bee.
You feel better.
The killer bee is heavily wounded.
* * * LOW HITPOINT WARNING * * *
You feel sick. The killer bee barely misses you.
The killer bee stings you but does no damage.
You hit the killer bee.
The killer bee is severely wounded.
* * * LOW HITPOINT WARNING * * *
You feel sick. The killer bee barely misses you.
You hit the killer bee.
You kill the killer bee!
* * * LOW HITPOINT WARNING * * *
You feel sick.
Your Spellcasting skill increases to level 2!
You cannot move.
There is a lethal amount of poison in your body!
Really quaff the potion of mutation?
You feel extremely strange.
Your teeth lengthen and sharpen.
You feel yourself wasting away.
You feel clever.
Your toenails lengthen and sharpen.
* * * LOW HITPOINT WARNING * * *
You feel sick.
There is a lethal amount of poison in your body!
Unknown command.
You die...

#.........#.....#
#.........#....#
####..##....#....#
#..#####.)..'....+
#...........##...#
#.....##....##...#
#.....##....##...##########+#
#................#....#....<(
#...........♣....#....#......
##..####....##...##..##.....#
#######....#######..##.....#
#.......'.).......<.†...#
#.......#........)......#
#.......#...............#
##.......##...###.####...#
#...#############.####...#
####.....##.....#)..#.....


There were no monsters in sight!

Vanquished Creatures
  Sigmund (D:6)
  Edmund (D:4)
  A water moccasin (D:3)
  An ogre (D:5)
  Blork the orc (D:4)
  A scorpion (D:5)
  5 wights (D:6)
  5 killer bees (D:6)
  2 hounds
  3 orc priests
  Ijyb (D:4)
  8 iguanas
  2 orc wizards
  4 adders
  6 gnolls
  An ufetubus (D:4)
  4 worms (D:3)
  15 orcs
  A ball python (D:1)
  8 endoplasms
  4 giant cockroaches
  2 goblins (D:2)
  7 hobgoblins
  14 jackals
  3 quokkas
  4 bats
  4 frilled lizards
  2 kobolds
  2 rats (D:1)
113 creatures vanquished.

Notes
Turn   | Place    | Note
-------+----------+-------------------------------------------
     0 | D:1      | styxcanada the Spriggan Brigand began the quest for the
                  | Orb.
     0 | D:1      | Reached XP level 1. HP: 10/10 MP: 2/2
    88 | D:1      | Reached skill level 6 in Stealth
   223 | D:1      | Reached XP level 2. HP: 10/14 MP: 3/3
   795 | D:1      | Reached skill level 7 in Stealth
   844 | D:2      | Found a faded altar of an unknown god.
   850 | D:2      | Reached XP level 3. HP: 18/18 MP: 4/4
  1037 | D:2      | Found Reym's Antique Weapon Shoppe.
  1054 | D:2      | Found Yxaecly's Antique Weapon Emporium.
  2022 | D:3      | Reached XP level 4. HP: 23/23 MP: 5/5
  2027 | D:3      | Noticed a water moccasin
  2238 | D:3      | Killed a water moccasin
  2239 | D:3      | Reached skill level 8 in Stealth
  2239 | D:3      | Reached XP level 5. HP: 26/26 MP: 6/6
  2704 | D:4      | Found an iron altar of Okawaru.
  2935 | D:4      | Noticed Blork the orc
  2942 | D:4      | Killed Blork the orc
  2943 | D:4      | Reached skill level 9 in Stealth
  2943 | D:4      | Reached skill level 1 in Shields
  2943 | D:4      | Reached XP level 6. HP: 30/30 MP: 7/7
  3012 | D:4      | Noticed Ijyb
  3057 | D:4      | Killed Ijyb
  3599 | D:4      | Found a broken altar of Ashenzari.
  4349 | D:4      | Noticed Edmund
  4391 | D:4      | Killed Edmund
  4392 | D:4      | Reached skill level 1 in Evocations
  4392 | D:4      | Reached XP level 7. HP: 35/35 MP: 8/8
  4583 | D:5      | Entered Level 5 of the Dungeon
  4584 | D:5      | Found a burning altar of Makhleb.
  4585 | D:5      | Found a glowing silver altar of Zin.
  4585 | D:5      | Found a shimmering altar of Xom.
  4652 | D:5      | HP: 1/35 [orc priest/divine providence (15)]
  6512 | D:5      | Learned a level 1 spell: Sting
  6558 | D:6      | Reached XP level 8. HP: 40/40 MP: 9/9
  6648 | D:6      | Reached skill level 10 in Stealth
  6660 | D:6      | Reached skill level 5 in Dodging
  6660 | D:6      | Reached skill level 1 in Spellcasting
  6660 | D:6      | Reached skill level 1 in Transmutations
  6717 | D:6      | Reached skill level 1 in Poison Magic
  7000 | D:6      | Noticed Sigmund
  7048 | D:6      | Killed Sigmund
  7068 | D:6      | HP: 2/40 [killer bee (2)]
  7304 | D:6      | HP: 3/60 [poisoned by a killer bee]
  7306 | D:6      | Gained mutation: You have very sharp teeth. [potion of
                  | mutation]
  7306 | D:6      | Gained mutation: Your body sometimes deteriorates upon
                  | taking damage. [potion of mutation]
  7306 | D:6      | Gained mutation: Your mind is acute. (Int +4, Str/Dex -1)
                  | [potion of mutation]
  7306 | D:6      | Gained mutation: You have sharp toenails. [potion of
                  | mutation]
  7306 | D:6      | HP: 1/60 [poisoned by a killer bee]
  7307 | D:6      | Succumbed to a killer bee's poison

Illustrated notes

Levels and vault maps discovered:
D:1:      evilmike_arrival_fibonacci_small, layout_loops_ring
D:2:      layout_basic, hellmonk_ecumenical_altar_heavens_door, serial_shops,
          nicolae_shop_stone, nicolae_shop_advertising_works
          [nicolae_subvault_shop_adworks]
D:3:      layout_loops_ring, nicolae_wormholes
D:4:      layout_rooms, okawaru_ov_weapons_minmay, evilmike_ruin_ashenzari,
          uniq_edmund, uniq_blork_the_orc, uniq_ijyb
D:5:      layout_loops_corners, chequers_temple_overflow_statue_of_worship,
          grunt_decor_one_mirror
D:6:      layout_gridville, mainiacjoe_overflow_concentric_impassable,
          nicolae_overflow_two_pavilions, lemuel_round_altar,
          minmay_temple_entry_hall, uniq_sigmund, uniq_pikel

Skill      XL: |  1  2  3  4  5  6  7  8 |
---------------+-------------------------+-----
Stealth        | 6 7 8 9 10 | 10.8
Dodging        | 2 3 4 5 |  5.6
Fighting       | 2 3 |  3.4
Short Blades   | 3 4 |  4.2
Shields        | 1 2 |  2.5
Evocations     | 1 2 3 |  3.6
Throwing       | 3 4 |  4.1
Spellcasting   | 2 |  2.0
Transmutations | 2 |  2.2
Poison Magic   | 1 |  1.6

Action                   |  1- 3 |  4- 6 |  7- 9 || total
-------------------------+-------+-------+-------++-------
Melee: Dagger            |    95 |   119 |   132 ||   346
Throw: Dart              |     7 |    51 |    46 ||   104
 Cast: Sting             |       |       |     2 ||     2
Evoke: Wand              |       |       |    11 ||    11
  Use: Scroll            |       |    10 |     4 ||    14
       Potion            |       |       |     6 ||     6
 Stab: Sleeping          |    17 |     5 |     9 ||    31
       Distracted        |     1 |       |     1 ||     2
       Invisible         |       |       |     3 ||     3
Armor: Robe              |     9 |    15 |     9 ||    33
       Skin              |       |       |     5 ||     5
Dodge: Dodged            |    49 |    88 |   114 ||   251
Block: Buckler           |     2 |    37 |    46 ||    85
